 Dungeon Crawl Stone Soup version 0.18.1-50-g88ac8fd (webtiles) character file.

284 kraedy the Cudgeler (level 6, 0/40 HPs)
             Began as a Gargoyle Fighter on Oct 13, 2016.
             Slain by a gnoll
             ... wielding a +0 halberd
              (3 damage)
             ... on level 3 of the Dungeon.
             The game lasted 00:08:30 (2252 turns).

kraedy the Cudgeler (Gargoyle Fighter)              Turns: 2252, Time: 00:08:31

Health: 0/40       AC: 12    Str: 24    XL:     6   Next: 29%
Magic:  6/6        EV:  7    Int: 14    God:
Gold:   125        SH:  9    Dex:  9    Spells: 0 memorised, 5 levels left

rFire  . . .     SeeInvis .     u - +0 whip
rCold  . . .     Gourm    .     b - +0 scale mail
rNeg   + . .     Faith    .     c - +0 shield
rPois  ∞         Spirit   .     (no helmet)
rElec  +         Dismiss  .     (no cloak)
rCorr  .         Reflect  .     (no gloves)
SustAt .         Harm     .     l - +0 pair of boots
MR     .....                    m - amulet of rage
Stlth  ..........               (no ring)
                                q - +3 ring of strength

@: brilliant, not resistant to hostile enchantments, extremely unstealthy
A: negative energy resistance 1, electricity resistance, unbreathing,
petrification resistance, rot immunity, AC +4
a: Evoke Berserk Rage


You were on level 3 of the Dungeon.
You were near starving.

You visited 1 branch of the dungeon, and saw 4 of its levels.

You collected 125 gold pieces.

Inventory:

Hand Weapons
 a - a +0 flail
 u - a +0 whip (weapon)
 v - a +0 dagger
 y - a +0 hunting sling
Missiles
 g - 78 stones (quivered)
 i - 18 sling bullets
Armour
 b - a +0 scale mail (worn)
 c - a +0 shield (worn)
 l - a +0 pair of boots (worn)
Jewellery
 m - an amulet of rage (around neck)
 q - a +3 ring of strength (left hand)
Scrolls
 j - 2 scrolls of recharging {unknown}
 k - 3 scrolls of identify {unknown}
 n - 2 scrolls of amnesia {unknown}
 p - a scroll of random uselessness {unknown}
 s - a scroll of teleportation {unknown}
 t - a scroll of immolation {unknown}
 x - a scroll of remove curse {unknown}
 z - a scroll of enchant armour {unknown}
Potions
 d - a potion of might
 e - 3 potions of brilliance
 o - a potion of degeneration {unknown}
 r - a potion of heal wounds {unknown}
Comestibles
 f - 2 bread rations


   Skills:
 + Level 5.0 Fighting
 * Level 5.3 Maces & Flails
 - Level 3.2 Armour
 - Level 3.2 Shields


You had 5 spell levels left.
You didn't know any spells.

Dungeon Overview and Level Annotations

Branches:
Dungeon (4/15)
 Temple: D:4-7

Altars:
Nemelex Xobeh


Innate Abilities, Weirdness & Mutations

You are resistant to torment.
Your stone body is resilient (AC +4).
You are immune to poison.
You resist negative energy.
You are resistant to electric shocks.
You can survive without breathing.
You are immune to petrification.
You are immune to rotting.


Message History

The gnoll hits you with a flail.
* * * LOW HITPOINT WARNING * * *
You block the gnoll's attack.
Your shield prevents you from hitting the gnoll.
The gnoll is lightly wounded.
The gnoll hits you with a flail.
* * * LOW HITPOINT WARNING * * *
The gnoll closely misses you.
Things that are here:
a club; a robe
There is an open door here.
Things that are here:
a club; a leather armour You hit the gnoll.
The gnoll is moderately wounded.
The gnoll closely misses you.
You hit the gnoll.
The gnoll is almost dead.
The gnoll hits you from afar with a halberd.
You die...

#####################
#....ggg)g.g))gg'....
#...@#########''#####
#....# ..... ######
g...... g......
....... ++#####


You could see 5 gnolls.

Vanquished Creatures
  A gnoll sergeant (D:3)
  3 gnoll shamans (D:3)
  An orc wizard (D:3)
  2 adders (D:3)
  3 gnolls (D:3)
  2 giant geckos (D:1)
  9 orcs (D:3)
  A giant cockroach (D:1)
  3 hobgoblins
  7 jackals
  5 kobolds
  A quokka (D:2)
  7 bats
  A giant newt (D:1)
  3 goblins
  6 rats (D:1)
55 creatures vanquished.

Notes
Turn   | Place    | Note
--------------------------------------------------------------
     0 | D:1      | kraedy the Gargoyle Fighter began the quest for the Orb.
     0 | D:1      | Reached XP level 1. HP: 14/14 MP: 1/1
   428 | D:1      | Reached XP level 2. HP: 19/20 MP: 2/2
   724 | D:1      | Reached XP level 3. HP: 23/24 MP: 3/3
  1409 | D:3      | Reached XP level 4. HP: 23/30 MP: 4/4
  1643 | D:4      | Found a sparkling altar of Nemelex Xobeh.
  1985 | D:3      | Reached XP level 5. HP: 16/34 MP: 5/5
  2175 | D:3      | Reached skill level 5 in Fighting
  2175 | D:3      | Reached XP level 6. HP: 40/40 MP: 6/6
  2186 | D:3      | Reached skill level 5 in Maces & Flails
  2246 | D:3      | HP: 2/40 [gnoll/flail (6)]
  2252 | D:3      | Slain by a gnoll

Skill      XL: |  1  2  3  4  5  6 |
---------------+-------------------+-----
Fighting       | 4 5 |  5.0
Maces & Flails | 3 4 5 |  5.3
Armour         | |  3.2
Shields        | |  3.2

Action                   |  1- 3 |  4- 6 || total
-------------------------+-------+-------++-------
Melee: Flail             |   129 |       ||   129
       Whip              |    32 |   204 ||   236
 Abil: Evoke Berserk Rag |     1 |     1 ||     2
  Use: Potion            |       |     3 ||     3
  Eat: Chunk             |     1 |     4 ||     5
Armor: Scale mail        |   108 |   103 ||   211
Dodge: Dodged            |    51 |    65 ||   116
Block: Shield            |    89 |   106 ||   195
